 Dungeon Crawl Stone Soup version 0.23-a0-143-g1adec7b (webtiles) character file.

121 Amnesiac the Magician (level 4, 0/32 HPs)
             Began as a Mummy Wanderer on Sept 3, 2018.
             Slain by a worm (7 damage)
             ... on level 4 of the Dungeon.
             The game lasted 00:03:19 (1037 turns).

Amnesiac the Magician (Mummy Wanderer)              Turns: 1037, Time: 00:03:20

Health: 0/32       AC:  5    Str: 17    XL:     4   Next: 77%
Magic:  10/10      EV: 10    Int: 11    God:
Gold:   18         SH:  0    Dex: 13    Spells: 8/12 levels left

rFire    x . .     SeeInvis .   a - +2 hand axe
rCold    + . .     Gourm    .   (no shield)
rNeg     + + +     Faith    .   b - +0 ring mail
rPois    ∞         Spirit   .   (no helmet)
rElec    .         Reflect  .   (no cloak)
rCorr    .         Harm     .   (no gloves)
MR       +....                  (no boots)
Stlth    ++........             (no amulet)
HPRegen  0.10/turn              d - ring of Ukkezir {MR+ Str+3 Slay+2 Stlth+}
MPRegen  0.12/turn              (no ring)

@: no status effects
A: no food or potions, fire vulnerability, cold resistance 1, negative energy
resistance 3, torment resistance, unbreathing
a: no special abilities


You were on level 4 of the Dungeon.
You were not hungry.

You visited 1 branch of the dungeon, and saw 4 of its levels.

You collected 18 gold pieces.

Inventory:

Hand Weapons
 a - a +2 hand axe (weapon)
Armour
 b - a +0 ring mail (worn)
Jewellery
 d - the ring of Ukkezir (left hand) {MR+ Str+3 Slay+2 Stlth+}
   (You found it on level 4 of the Dungeon)

   [ring of strength]

   It affects your strength (+3).
   It affects your accuracy and damage with ranged weapons and melee attacks
   (+2).
   It affects your resistance to hostile enchantments.
   It makes you more stealthy.
Wands
 f - a wand of random effects (38)
Scrolls
 c - 3 scrolls of identify {!r}
 e - a scroll of enchant weapon {!r}


   Skills:
 - Level 1.0 Fighting
 - Level 3.0 Axes
 - Level 1.0 Throwing
 - Level 1.0 Armour
 + Level 4.8 Spellcasting
   Level 2.0 Necromancy
 - Level 1.0 Transmutations
 - Level 1.0 Evocations


You had 8 spell levels left.
You knew the following spells:

 Your Spells              Type           Power        Failure   Level  Hunger
a - Sticks to Snakes      Tmut           #.......     38%         2    N/A
b - Passwall              Tmut/Erth      #.......     45%         2    N/A

Your spell library contained the following spells:

 Spells                   Type           Power        Failure   Level  Hunger


Dungeon Overview and Level Annotations

Branches:
Dungeon (4/15)
 Temple: D:4-7

Altars:


Innate Abilities, Weirdness & Mutations

You do not eat or drink.
Your flesh is vulnerable to fire.
You are immune to poison.
Your flesh is cold resistant. (rC+)
You are immune to negative energy. (rN+++)
You are immune to unholy pain and torment.
You can survive without breathing.


Message History

A giant cockroach is nearby!
You hit the giant cockroach but do no damage.
The giant cockroach closely misses you.
You slash the giant cockroach!
You kill the giant cockroach!
No target in view!
No target in view!
No target in view!
No target in view!
No target in view!
No target in view!
No target in view!
No target in view!
No target in view!
No target in view!
No target in view!
You start resting.
HP restored.
You start resting.
HP restored.
You open the door.
There is an open door here.
As you open the door, it creaks loudly!
There is an open door here.
There is an open door here.
A worm comes into view.
A worm is nearby!
Found a torn book.
Found a stone staircase leading up.
The worm closely misses you.
You hit the worm.
The worm is lightly wounded.
The worm misses you.
You barely miss the worm. You hit the worm.
The worm is moderately wounded.
The worm bites you!
You barely miss the worm.
The worm is lightly wounded.
The worm bites you!
You slash the worm!
The worm is heavily wounded.
You slash the worm!
The worm is almost dead.
The worm bites you!
* * * LOW HITPOINT WARNING * * *
You are too injured to fight recklessly!
You are too injured to fight recklessly!
You are too injured to fight recklessly!
You are too injured to fight recklessly!
You are too injured to fight recklessly!
You are too injured to fight recklessly!
You are too injured to fight recklessly!
You are too injured to fight recklessly!
You are too injured to fight recklessly!
You are too injured to fight recklessly!
You are too injured to fight recklessly!
You are too injured to fight recklessly!
You are too injured to fight recklessly!
You are too injured to fight recklessly!
You are too injured to fight recklessly!
You hit the worm.
The worm is almost dead.
The worm bites you!
You die...

.....###.# '###.
#......#. #.........
#...:<.' #.........
#......# #.........
#......# #.........
+......# #.........
#...w..# #.........
#...@..# #.........
#......#####.........
####..............###
#..............#..
#..............+..
#..............#..
#..............###
#.................
+.................


You could see a worm.

Vanquished Creatures
  A howler monkey (D:4)
  2 hounds (D:4)
  An adder (D:4)
  A worm (D:2)
  A dart slug (D:2)
  A giant cockroach (D:4)
  2 hobgoblins (D:1)
  3 kobolds
  A quokka (D:4)
  A bat (D:2)
  A frilled lizard (D:2)
  A rat (D:1)
16 creatures vanquished.

Notes
Turn   | Place    | Note
-------+----------+-------------------------------------------
     0 | D:1      | Amnesiac the Mummy Wanderer began the quest for the Orb.
     0 | D:1      | Amnesiac set off with: a +2 hand axe, a +0 ring mail
     0 | D:1      | Reached XP level 1. HP: 15/15 MP: 1/1
   192 | D:2      | Reached XP level 2. HP: 17/21 MP: 2/2
   295 | D:2      | Reached skill level 1 in Spellcasting
   393 | D:4      | Reached skill level 2 in Spellcasting
   393 | D:4      | Reached XP level 3. HP: 25/26 MP: 4/7
   397 | D:4      | Learned a level 2 spell: Sticks to Snakes
   400 | D:4      | Learned a level 2 spell: Passwall
   406 | D:4      | Got a crude brass ring
   436 | D:4      | Reached skill level 3 in Spellcasting
   436 | D:4      | Reached XP level 4. HP: 12/32 MP: 7/9
   473 | D:4      | Reached skill level 4 in Spellcasting
   666 | D:4      | Identified the ring of Ukkezir {MR+ Str+3 Slay+2 Stlth+}
                  | (You found it on level 4 of the Dungeon)
  1037 | D:4      | Slain by a worm

Vault maps used:
D:1:      dpeg_arrival_erosion
D:2:      minmay_roachtagon, uniq_robin
D:3:      first_ration

Skill      XL: |  1  2  3  4 |
---------------+-------------+-----
Axes           | 3 |  3.0
Spellcasting   | 2 3 4 |  4.8
Fighting       | |  1.0
Throwing       | |  1.0
Armour         | |  1.0
Necromancy     | |  2.0
Transmutations | |  1.0
Evocations     | |  1.0

Action                   |  1- 3 |  4- 6 || total
-------------------------+-------+-------++-------
Melee: Hand axe          |    43 |    31 ||    74
  Use: Scroll            |       |     1 ||     1
Armor: Ring mail         |    20 |     4 ||    24
Dodge: Dodged            |    21 |    12 ||    33

Table legend:
 A = Non-vault XP
 B = Vault XP
 C = Vault XP percentage of total XP
 D = Non-vault monster count
 E = Vault monster count
 F = Vault count percentage of total count
                 A         B        C        D         E       F
            +---------+---------+-------+---------+---------+-------
      Total |     174 |       0 |   0.0 |      16 |       0 |   0.0
            +---------+---------+-------+---------+---------+-------
        D:1 |       9 |       0 |   0.0 |       5 |       0 |   0.0
        D:2 |      12 |       0 |   0.0 |       5 |       0 |   0.0
        D:4 |     153 |       0 |   0.0 |       6 |       0 |   0.0
            +---------+---------+-------+---------+---------+-------
